 BcadrenCrawl: Boulder Brew version 0.05.4-70-gb0a8e951fc (webtiles) character file.

Game seed: 13395413132664823870, levelgen mode: deterministic

34 petercordia the Firebug (level 3, 0/18 HPs) Molten Gargoyle Demonspawn. Began on June 9, 2022. Slain by a gnoll ... wielding a +0 spear (10 damage) ... on level 1 of the Dungeon. The game lasted 00:01:55 (263 turns).

petercordia the Firebug (Molten Gargoyle Demonspawn) Turns: 263, Time: 00:01:56

Health: 0/18       AC:  4    Str: 11    XL:     3 ^: 48
Magic:  0/5        EV: 13    Int: 13    God:
Gold:   0          SH:  0    Dex: 15    Spells: 4/5 levels left

rFire    + + +     Slash    +   a - +0 morningstar
rCold    x x .     Pierce   .   (no weapon)
rNeg     + . .     Bludgeon +   b - +0 leather armour
rCorr    . . .     Vision   .   (no helmet)
rPois    ∞         Gourm    .   (no cloak)
rElec    +         Faith    .   (no gloves)
MR       .....     Spirit   .   (no boots)
HPRegen  0.16/turn Reflect  .   (no amulet)
MPRegen  0.15/turn Harm     .   (no ring)
Stlth    ++........             (no ring)

@: no status effects
A: torment immune, lava walking, breathe magma 1, demonic guardian 1, fire
resistance 3, negative energy resistance 1, electricity resistance, spiny 1,
unbreathing, petrification resistance, cold vulnerability 2, rot immunity, core
melding 2, artificial flesh
a: Breathe Magma


You were on level 1 of the Dungeon.
You were not hungry.

You visited 1 branch of the dungeon, and saw 1 of its levels.

Inventory:

Weapons
 a - a +0 morningstar (weapon)
Armour
 b - a +0 leather armour (worn)
Comestibles
 c - 7 chunks of flesh
 d - a ration


   Skills:
 - Level 1.1 Fighting
 - Level 1.7 Maces & Staves
 - Level 3.2 Dodging
 - Level 1.5 Stealth
 + Level 1.6 Spellcasting
 + Level 4.2 Fire Magic
   Level 2.6 Invocations


You had 4 spell levels left.
You knew the following spells:

 Your Spells              Type           Power        Failure   Level  Hunger
a - Flame Tongue          Fire           12 (30)      4%          1    18-38

Your spell library contained the following spells:

 Spells                   Type           Power        Failure   Level  Hunger
 Conjure Flame Fire 12 (100) 14% 3 98-158 Slow Hex 1 (100) 26% 1 18-38 Blink Tloc N/A 36% 2 58-98 Call Imp Summ 1 (100) 36% 2 58-98 Mephitic Cloud Pois/Air       1 (100)      61%         3    98-158


Dungeon Overview and Level Annotations

Branches:
Dungeon (1/8)

Altars:


Innate Abilities, Weirdness & Mutations

You are resistant to torment.
You are not damaged by walking on lava.
You are immune to poison.
You can breathe lava.
A weak demonic guardian rushes to your aid.
You are almost immune to the effects of heat. (rF+++)
You resist negative energy. (rN+)
You are resistant to electric shocks. (rElec)
You are partially covered in sharp spines.
You can survive without breathing.
You are immune to petrification.
You are very vulnerable to cold. (rC--)
You are immune to rotting.
The molten core of your body molds to fit into any body armour perfectly. (1.5x Base AC and No Encumberance from Armour).
Your artificial form resists hard blunt hits and is difficult to cut into. (rBludgeoning+ , rSlashing+)


Message History

Press: ? - help, Shift-Dir - straight line, f/p - gnoll
Aim: a gnoll, wielding a +0 spear (89%, 93% to-hit, moderately wounded (8/12), 84% (Melee), 78% (Ranged))
The flame tongue hits the gnoll (5).
The gnoll is severely wounded. (3/12) HP A dart slug comes into view.
The gnoll hits you from afar with a +0 spear (2).
Things that are here:
a +0 club; a goblin corpse A hobgoblin comes into view.
Some of the chunks of flesh in your inventory have rotted away.
Casting: Flame Tongue (safe; 4% risk of failure)
Confirm with . or Enter, or press ? or * to list all spells.
Aiming: Flame Tongue (safe; 4% risk of failure)
Press: ? - help, Shift-Dir - straight line, f/p - gnoll
Aim: a gnoll, wielding a +0 spear (89%, 93% to-hit, severely wounded (3/12), 84% (Melee), 78% (Ranged))
The flame tongue hits the gnoll (1).
The gnoll is almost dead. (2/12) HP The gnoll hits you from afar with a +0 spear (10)!
Ouch! That really hurt!
You die...

#.# #.# #.#
#####.##########
###...†........>≈#
..........######>####.#.
....#......÷...≈)≈......
#####..÷...#####.####.##
# #........#
#@#########.#..# #
#.##.#.#.#
#..g.wg)†....# # #.
##.##.# ##########..## #
# ####.# ## # #.# # #.#
# #.# # #.# #.#


You could see a gnoll, a dart slug and a hobgoblin.

Vanquished Creatures
  A giant cockroach (D:1)
  A cinder newt (D:1)
  A dart slug (D:1)
  A bat (D:1)
  2 goblins (D:1)
  2 hobgoblins (D:1)
  2 kobolds (D:1)
  2 rats (D:1)
12 creatures vanquished.

Notes
Turn   | Place    | Note
-------+----------+-------------------------------------------
     0 | D:1      | petercordia the Molten Gargoyle Demonspawn began the quest
                  | for the Orb.
     0 | D:1      | Reached XP level 1. HP: 10/10 MP: 2/2
    28 | D:1      | Reached skill level 3 in Fire Magic
    64 | D:1      | Gained mutation: You are partially covered in sharp spines.
                  | [demonic ancestry]
    64 | D:1      | Reached XP level 2. HP: 14/14 MP: 0/4
   139 | D:1      | Reached skill level 4 in Fire Magic
   206 | D:1      | Gained mutation: A weak demonic guardian rushes to your
                  | aid. [demonic ancestry]
   206 | D:1      | Reached XP level 3. HP: 18/18 MP: 3/5
   263 | D:1      | Slain by a gnoll

Levels and vault maps discovered:
D:1:      psy_arrival_radial02, layout_loops_ring, first_ration,
          grunt_decor_mini_mirrors

Skill      XL: |  1  2 |
---------------+-------+-----
Fire Magic     | 3 4 |  4.2
Fighting       | |  1.1
Maces & Staves | |  1.7
Dodging        | |  3.2
Stealth        | |  1.5
Spellcasting   | |  1.6
Invocations    | |  2.6

Action                   || total
-------------------------++-------
Melee: Morningstar       ||     4
       Unarmed           ||     2
 Cast: Flame Tongue      ||    20
Armor: Leather armour    ||     4
Dodge: Dodged            ||     3
